 Dungeon Crawl Stone Soup version 0.31-a0-486-g8d68a81214 (webtiles) character file.

Game seed: 2087550646340113197

38459 Newt the Markskobold (level 14, -2/77 HPs)
             Began as a Kobold Hunter on Aug 7, 2023.
             Was a High Priest of Hepliaklqana.
             Slain by a manticore (8 damage)
             ... while petrified
             ... on level 4 of the Lair of Beasts.
             The game lasted 00:15:19 (15485 turns).

Newt the Markskobold (Kobold Hunter)               Turns: 15485, Time: 00:15:20

Health: -2/77      AC: 10    Str: 14    XL:     14   Next: 34%
Magic:  0/17       EV:  3    Int: 10    God:    Hepliaklqana [*****.]
Gold:   719        SH:  0    Dex: 29    Spells: 13/13 levels left

rFire   . . .        b - +12 arbalest of Wuicag {drain, Dex+3}
rCold   x . .        (shield currently unavailable)
rNeg    + + +        K - +3 leather armour "Bofo" {rC- Dex+2 Stlth+}
rPois   ∞            (helmet currently unavailable)
rElec   .            (cloak currently unavailable)
rCorr   .            (gloves currently unavailable)
SInv    .            n - melded +0 pair of boots {Fly}
Will    +....        p - amulet of guardian spirit
Stlth   ++++         z - +6 ring of strength
HPRegen 0.32/turn    t - +4 ring of protection
MPRegen 0.15/turn

%: guardian spirit
@: beast-form, petrified, spiked
A: beast (slay +7), reduced essence, small, no large weapons, nightstalker 3
a: Begin Untransformation, Renounce Religion, Recall Ancestor, Ancestor
Identity, Transference, Idealise


You were on level 4 of the Lair of Beasts.
You worshipped Hepliaklqana.
Hepliaklqana was extremely pleased with you.
You were a hulking beast.
You visited 3 branches of the dungeon, and saw 16 of its levels.
You also visited: Ossuary and Bailey.

You collected 785 gold pieces.
You spent 66 gold pieces at shops.

Inventory:

Hand Weapons
 a - the +10 shortbow of Paam {freeze, Dex+3}
   (You took it off an orc warrior in a bailey)

   Dex:       It affects your dexterity (+3).
 b - the +12 arbalest of Wuicag (weapon) {drain, Dex+3}
   (You found it on level 7 of the Dungeon)

   Dex:       It affects your dexterity (+3).
 F - a +0 shortbow
Missiles
 M - 2 throwing nets
Armour
 c - a +0 leather armour
 j - a +1 scale mail of fire resistance
 n - a +0 pair of boots of flying (melded)
 u - a +2 pair of boots of flying
 E - a +2 leather armour of willpower
 G - the +8 orange crystal plate armour {Archmagi, Int+3 Clar}
   (You took it off a kobold in a bailey)

   Int:       It affects your intelligence (+3).
   Clar:      It protects you from confusion, rage, mesmerisation and fear.
 K - the +3 leather armour "Bofo" (worn) {rC- Dex+2 Stlth+}
   (You found it on level 9 of the Dungeon)

   Dex:       It affects your dexterity (+2).
   rC:        It makes you vulnerable to cold.
   Stlth:     It makes you more stealthy.
 N - +0 shadow dragon scales
Jewellery
 e - a ring of positive energy
 i - a ring of positive energy
 p - an amulet of guardian spirit (around neck)
 t - a +4 ring of protection (right hand)
 w - a ring of fire
 z - a +6 ring of strength (left hand)
 H - a +6 ring of intelligence
 J - a +6 ring of intelligence
Talismans
 g - a beast talisman (active)
Wands
 q - a wand of quicksilver (3)
 x - a wand of roots (15)
 y - a wand of flame (24)
 A - a wand of charming (3)
Scrolls
 d - 4 scrolls of fog
 f - 5 scrolls of poison
 h - 5 scrolls of amnesia
 m - a scroll of fear
 v - 3 scrolls of noise
 B - 6 scrolls of teleportation
 I - 3 scrolls of identify
 O - a scroll of brand weapon
 P - a scroll of torment
Potions
 k - 6 potions of attraction
 l - 4 potions of enlightenment
 o - a potion of berserk rage
 r - a potion of might
 s - a potion of brilliance
 C - a potion of heal wounds
 D - 8 potions of curing
 L - 2 potions of mutation


   Skills:
 - Level 9.0 Fighting
 - Level 15.0 Ranged Weapons
 - Level 6.0 Armour
 - Level 14.0 Dodging
 - Level 1.3 Stealth
 + Level 4.1 Invocations
 - Level 9.0 Evocations
 - Level 10.0 Shapeshifting


You had 13 spell levels left.
You didn't know any spells.
Your spell library contained the following spells:

 Spells                   Type           Power      Damage    Failure   Level
 Apportation              Tloc           0%         N/A       43%         1
 Magic Dart               Conj           0%         1d3       43%         1
 Necrotise                Necr           0%         1d4       43%         1
 Summon Small Mammal      Summ           0%         N/A       43%         1
 Blink                    Tloc           0%         N/A       56%         2
 Call Imp                 Summ           0%         N/A       56%         2
 Cigotuvi's Dreadful Rot  Necr/Pois/Air  0%         N/A       56%         2
 Ignite Poison            Fire/Tmut/Pois 0%         N/A       80%         3
 Mephitic Cloud           Conj/Pois/Air  0%         N/A       80%         3
 Vhi's Electric Charge    Tloc/Air       0%         N/A       80%         3
 Anguish                  Hex/Necr       0%         N/A       99%         4
 Cause Fear               Hex            0%         N/A       99%         4
 Manifold Assault         Tloc           0%         N/A       99%         4
 Arcjolt                  Conj/Air       0%         1d10      100%        5
 Freezing Cloud           Conj/Ice/Air   0%         6-21      100%        5
 Plasma Beam              Fire/Air       0%         2x1d10    100%        6
 Enfeeble                 Hex            0%         N/A       100%        7


Dungeon Overview and Level Annotations

Branches:
Dungeon (11/15)            Temple (1/1) D:4            Lair (4/5) D:9
  Swamp (0/4) Lair:3        Snake (0/4) Lair:3      Ossuary (visited)
 Bailey (visited)
  Slime: Lair:4-5       Orc: D:9-12

Altars:
Ashenzari
Cheibriados
Dithmenos
Elyvilon
Fedhas
Gozag
Hepliaklqana
Kikubaaqudgha
Makhleb
Nemelex Xobeh
Okawaru
Qazlal
Ru
Sif Muna
Trog
Uskayaw
Vehumet
Wu Jian
Xom
Yredelemnul
Zin
The Shining One

Shops:
D:1 *   D:11 *

Portals:
Trove: D:10 (give +2 shadow dragon scales)


Innate Abilities, Weirdness & Mutations

You are a hulking beast.
Your limbs bulge with bestial killing power. (Slay +7)
You are immune to poison.
Your life essence is reduced to manifest your ancestor. (-10% HP)
You are small and have problems with some larger weapons.
You are completely attuned to the shadows.


Message History

You are slowing down.
The manticore flicks its tail.
The volley of spikes hits you!
The barbed spikes become lodged in your body.
Your Invocations skill increases to level 4!
Unknown command.
Fire: b) +12 arbalest of Wuicag {drain, Dex+3}
Press: ? - help, Shift-Dir - straight line, f/p - manticore
Aim: a manticore (85% to hit)
You shoot a bolt. The bolt hits the manticore!
The manticore is moderately wounded.
You are engulfed in calcifying dust.
Your limbs have turned to stone.
The manticore flicks its tail.
The volley of spikes hits you!
The barbed spikes become lodged in your body.
* * * LOW HITPOINT WARNING * * *
You have turned to stone.
You are engulfed in calcifying dust.
The manticore bites you!
* * * LOW HITPOINT WARNING * * *
The manticore claws you.
* * * LOW HITPOINT WARNING * * *
The manticore claws you.
* * * LOW HITPOINT WARNING * * *
You are engulfed in calcifying dust.
The manticore completely misses you. The manticore barely misses you.
The manticore completely misses you.
The manticore bites you but does no damage.
The manticore claws you but does no damage. x2
The manticore bites you.
* * * LOW HITPOINT WARNING * * *
The manticore claws you.
* * * LOW HITPOINT WARNING * * *
The manticore claws you but does no damage.
The manticore bites you!
* * * LOW HITPOINT WARNING * * *
The manticore claws you.
* * * LOW HITPOINT WARNING * * *
The manticore claws you!
* * * LOW HITPOINT WARNING * * *
The manticore bites you!!
You die...

~.......
PP..<.....
#≈.~~~.≈#
P.#.#.P##.
#..~<~..#
###..###
##≈.~~~.≈#
#..#
#~.......~
#.##
.~.§≈.≈..~ #..
.§§~#'#~~[
...##H##..
####..h### #.
#...#.####
#..##........
#.#####....#.
##.#.#..P...#
#.............
##..####..##..
†#.#P.## ##.#
......## .#


You could see a manticore.

Vanquished Creatures
  3 hydras
  Erica (Lair:2)
  A catoblepas (Lair:4)
  A boulder beetle (D:11)
  A two-headed ogre (D:8)
  A deep troll (Lair:3)
  2 orc knights (Bailey)
  The ghost of Heh the Trooper, a novice OpSh of Gozag (D:6)
  2 manticores
  A salamander (Lair:3)
  3 elephants (Lair:4)
  Joseph (D:8)
  8 cane toads
  2 kobold demonologists (D:11)
  An unseen horror zombie (D:7)
  3 rime drakes
  2 spectral unseen horrors (D:7)
  5 komodo dragons
  2 trolls
  3 polar bears
  A hornet (D:11)
  6 blink frogs
  Sigmund (D:2)
  4 shadows
  36 yaks
  8 wyverns
  A basilisk (D:9)
  Grum (D:8)
  A swamp worm (Lair:3)
  An acid dragon (D:8)
  Duvessa (D:4)
  9 water moccasins
  3 sky beasts
  4 ice beasts
  13 orc warriors
  30 wolves
  2 centaurs
  4 ogres
  A phantom (D:5)
  2 elf zombies (Ossuary)
  2 kobold brigands (D:11)
  8 bullfrogs
  3 scorpions
  A gnoll sergeant (D:10)
  12 wights
  Dowan (D:4)
  3 killer bees (D:9)
  An electric eel (Lair:3)
  6 howler monkeys
  4 lava snakes (Lair:3)
  2 hounds
  2 human zombies (Ossuary)
  A gnoll bouda (D:6)
  12 orc priests
  A sleepcap (D:4)
  6 iguanas
  10 orc wizards
  A centaur simulacrum (D:6)
  A bullfrog simulacrum (D:6)
  2 hound zombies (Ossuary)
  4 mummies (Ossuary)
  4 adders
  22 gnolls
  A white imp (D:6)
  A howler monkey simulacrum (D:6)
  An adder zombie (Ossuary)
  5 worms
  5 dart slugs
  34 orcs
  6 ball pythons
  7 endoplasms
  A giant cockroach (D:1)
  A gnoll zombie (Ossuary)
  9 goblins
  8 hobgoblins
  4 jackals (D:3)
  13 kobolds
  2 quokkas
  5 bats
  3 frilled lizards
  2 goblin zombies (Ossuary)
  2 orc zombies (Ossuary)
  4 rats
396 creatures vanquished.

Vanquished Creatures (collateral kills)
  Harold (D:11)
  A catoblepas (Lair:4)
  An ugly thing (D:11)
  The ghost of fecund the Covert, a novice VSBr of Uskayaw (D:8)
  A cane toad (Lair:3)
  The ghost of Heh the Insei, a novice OpSh (D:7)
  2 blink frogs
  A wraith (D:9)
  A basilisk (D:9)
  5 yaks
  2 orc warriors
  2 ice beasts
  A black bear (D:6)
  A wolf (Lair:1)
  A phantom (D:6)
  A gnoll sergeant (D:8)
  2 bullfrogs
  A scorpion (D:6)
  3 wights (D:7)
  A wyvern simulacrum (D:6)
  A jelly (D:7)
  A sleepcap (D:6)
  2 orc wizards (D:7)
  A bullfrog simulacrum (D:6)
  An adder (D:5)
  5 gnolls
  10 orcs
  2 goblins
53 creatures vanquished.

Vanquished Creatures (others)
  2 knights
2 creatures vanquished.

Grand Total: 451 creatures vanquished

Notes
Turn   | Place    | Note
-------+----------+-------------------------------------------
     0 | D:1      | Newt the Kobold Hunter began the quest for the Orb.
     0 | D:1      | Reached XP level 1. HP: 12/12 MP: 1/1
   107 | D:1      | Reached XP level 2. HP: 18/18 MP: 2/2
   144 | D:1      | Found Sostott's Assorted Antiques.
   522 | D:1      | Reached XP level 3. HP: 21/23 MP: 3/3
   803 | D:2      | Noticed Sigmund
   884 | D:1      | Bought a scroll of identify for 46 gold pieces
   922 | D:2      | Killed Sigmund
   923 | D:2      | Reached skill level 5 in Fighting
   923 | D:2      | Reached skill level 7 in Ranged Weapons
   923 | D:2      | Reached XP level 4. HP: 28/31 MP: 4/4
   923 | D:2      | Reached XP level 5. HP: 32/35 MP: 5/5
   923 | D:2      | Reached XP level 6. HP: 37/40 MP: 6/6
  1784 | D:3      | Found a burning altar of Makhleb.
  2028 | D:3      | Found a blossoming altar of Fedhas.
  2046 | D:3      | Reached skill level 8 in Ranged Weapons
  3430 | D:4      | Reached XP level 7. HP: 44/44 MP: 7/7
  3606 | D:4      | Reached skill level 9 in Ranged Weapons
  3712 | D:4      | Found a staircase to the Ecumenical Temple.
  3760 | Temple   | Entered the Ecumenical Temple
  3781 | Temple   | Became a worshipper of Hepliaklqana the Forgotten
  3923 | D:4      | Noticed Dowan
  3926 | D:4      | Noticed Duvessa
  3946 | D:4      | Killed Duvessa
  3947 | D:4      | Reached skill level 10 in Ranged Weapons
  3947 | D:4      | Reached skill level 1 in Shapeshifting
  3956 | D:4      | Killed Dowan
  4227 | D:4      | Reached XP level 8. HP: 42/49 MP: 8/8
  4284 | D:4      | Identified the +1 scale mail of Devotion {rF- rN+ Int+2}
  4689 | D:5      | Entered Level 5 of the Dungeon
  4734 | D:5      | Found a sand-covered staircase.
  4780 | Ossuary  | Entered an ossuary
  5341 | D:5      | Reached * piety under Hepliaklqana
  5453 | D:5      | Reached skill level 5 in Shapeshifting
  5584 | D:5      | Found a stormy altar of Qazlal.
  6032 | D:6      | Reached ** piety under Hepliaklqana
  6033 | D:6      | Remembered your ancestor Nozipho as a knight
  6036 | D:6      | Found a runed translucent gate.
  6037 | D:6      | Found a runed translucent gate.
  6038 | D:6      | Found a runed translucent gate.
  6044 | D:6      | Reached XP level 9. HP: 48/48 MP: 9/9
  6794 | D:6      | Noticed Heh's ghost (novice OpSh)
  6803 | D:6      | Killed Heh's ghost
  7193 | D:7      | Reached XP level 10. HP: 53/53 MP: 10/10
  7412 | D:7      | Identified the +12 arbalest of Wuicag {drain, Dex+3}
  7585 | D:7      | Reached skill level 10 in Shapeshifting
  7610 | D:7      | Found a runed translucent gate.
  7611 | D:7      | Found a runed translucent gate.
  7612 | D:7      | Found a runed translucent gate.
  7613 | D:7      | Noticed a spectral unseen horror
  7614 | D:7      | Noticed a spectral unseen horror
  7748 | D:7      | Noticed a +0 dagger
  7748 | D:7      | Noticed a +0 dagger
  7752 | D:7      | Found a hide-covered altar of Uskayaw.
  8111 | D:7      | Killed a spectral unseen horror
  8112 | D:7      | Reached skill level 11 in Ranged Weapons
  8115 | D:7      | Killed a spectral unseen horror
  8117 | D:7      | Reached skill level 12 in Ranged Weapons
  8261 | D:7      | Noticed Heh's ghost (novice OpSh)
  8265 | D:7      | Killed Heh's ghost
  8291 | D:8      | Found a transporter.
  8293 | D:8      | Found a transporter.
  8294 | D:8      | Noticed fecund's ghost (novice VSBr)
  8585 | D:8      | Reached skill level 13 in Ranged Weapons
  8585 | D:8      | Reached XP level 11. HP: 56/56 MP: 11/11
  8626 | D:8      | Found an ancient bone altar of Kikubaaqudgha.
  8636 | D:8      | Reached *** piety under Hepliaklqana
  8717 | D:8      | Noticed Joseph
  8722 | D:8      | Killed Joseph
  8723 | D:8      | Reached skill level 14 in Ranged Weapons
  8737 | D:8      | Noticed Grum
  8740 | D:8      | Killed Grum
  9138 | D:8      | Identified the +10 giant club of Goanif {flame, +Blink
                  | Will- Str+3}
  9138 | D:8      | Noticed a two-headed ogre
  9143 | D:8      | Killed a two-headed ogre
  9144 | D:8      | Reached skill level 15 in Ranged Weapons
  9147 | D:8      | Killed fecund's ghost
  9148 | D:8      | Reached skill level 5 in Dodging
  9263 | D:9      | Found a flagged portal.
  9281 | Bailey   | Entered a bailey
  9392 | Bailey   | Noticed an orc knight
  9395 | Bailey   | Noticed an orc knight
  9398 | Bailey   | Killed an orc knight
  9404 | Bailey   | Killed an orc knight
  9404 | Bailey   | Identified the +10 shortbow of Paam {freeze, Dex+3}
  9823 | D:9      | Reached XP level 12. HP: 61/61 MP: 12/12
  9854 | D:9      | Found a staircase to the Lair.
  9893 | D:9      | Reached skill level 10 in Dodging
  9897 | D:9      | Reached skill level 1 in Armour
 10085 | D:9      | Identified the +3 leather armour "Bofo" {rC- Dex+2 Stlth+}
 10292 | D:10     | Entered Level 10 of the Dungeon
 10347 | D:10     | Reached **** piety under Hepliaklqana
 10695 | D:10     | Reached skill level 5 in Armour
 10808 | D:10     | Found a bloodstained altar of Trog.
 10826 | D:10     | Found a portal to a secret trove of treasure.
 10948 | D:11     | Found Eblaowk's Assorted Antiques.
 10952 | D:11     | Bought a glowing emerald potion for 20 gold pieces
 11025 | D:11     | Noticed Harold
 11030 | D:11     | Killed Harold
 11197 | D:11     | Noticed a boulder beetle
 11201 | D:11     | Killed a boulder beetle
 11875 | D:11     | Reached XP level 13. HP: 69/70 MP: 13/13
 12004 | Lair:1   | Entered Level 1 of the Lair of Beasts
 12009 | Lair:1   | Reached ***** piety under Hepliaklqana
 13049 | Lair:2   | Identified the +1 whip of Patience {freeze, Contam rN+
                  | Will+ Str+4 Int+5}
 13519 | Lair:2   | Noticed Erica
 13525 | Lair:2   | Killed Erica
 14171 | Lair:3   | Noticed a six-headed hydra
 14180 | Lair:3   | Killed a six-headed hydra
 14184 | Lair:3   | Reached skill level 1 in Evocations
 14510 | Lair:3   | Found a staircase to the Snake Pit.
 14659 | Lair:3   | Reached skill level 5 in Evocations
 15020 | Lair:3   | Noticed a six-headed hydra
 15023 | Lair:3   | Killed a six-headed hydra
 15024 | Lair:3   | Reached XP level 14. HP: 77/77 MP: 14/14
 15029 | Lair:3   | Found a staircase to the Swamp.
 15412 | Lair:4   | Reached skill level 1 in Invocations
 15485 | Lair:4   | Slain by a manticore

Illustrated notes

Levels and vault maps discovered:
D:1:      co_arrival_square_in_a_square_in_a_square, layout_basic, serial_shops,
          shop
D:2:      layout_loops_ring, uniq_sigmund
D:3:      layout_loops_corners, mainiacjoe_overflow_24_doors,
          lemuel_crystal_altar, serial_rivers, chequers_serial_rivers_large_b,
          chequers_serial_rivers_micro_c, chequers_serial_rivers_micro_e,
          chequers_serial_rivers_large_a, chequers_serial_rivers_micro_b,
          chequers_serial_rivers_micro_a
D:4:      minmay_chambers_of_fours, layout_basic,
          minmay_temple_entry_statues_pillars, st_stairs_10, uniq_duvessa
D:5:      layout_gridville, mainiacjoe_overflow_boulevard,
          nicolae_ossuary_entry_ruins, hangedman_decor_riveting
D:6:      layout_basic, gammafunk_ghost_icy
D:7:      layout_rooms, dancing_weapons_uskayaw, gammafunk_ghost_necromancy,
          nicolae_concentric_dashed_squares_wild, grunt_decor_cap,
          nicolae_kite_square_tiling_tiny
D:8:      layout_cave_pools, old_standard_altar, gammafunk_ghost_smash,
          chequers_serial_rivers_room_a, uniq_joseph, uniq_grum
D:9:      layout_cave_pools, minmay_lair_entry_grove, enter_bailey_5
D:10:     layout_cave_pools, mainiacjoe_overflow_paths,
          nicolae_trove_entry_free_sample, serial_column_ruins,
          column_ruins_hut, column_ruins_hut, column_ruins_open_tiny,
          column_ruins_columns_plus, column_ruins_open_small,
          column_ruins_open_medium
D:11:     layout_stronghold, serial_shops, shop, uniq_harold
Temple:   minmay_temple_bridge_d
Lair:1:   layout_small_grid, grunt_megastairs_2
Lair:2:   layout_cave_pods, uniq_erica
Lair:3:   dreamdust_cave_troll, layout_gridlike, palyth_hydra_swamp_entry,
          nicolae_snake_entry_warm_welcome, lemuel_fruit_tree
Lair:4:   nzn_motion_control, layout_loops_ring, chequers_serial_rivers_marsh,
          st_stairs_12, serial_bayou_pond_a

Skill      XL: |  1  2  3  4  5  6  7  8  9 10 11 12 13 14 |
---------------+-------------------------------------------+-----
Fighting       | 3 5 8 9 |  9.0
Ranged Weapons | 7 8 10 13 15 | 15.0
Shapeshifting  | 2 5 8 10 | 10.0
Dodging        | 9 10 14 | 14.0
Armour         | 6 |  6.0
Evocations     | 6 9 |  9.0
Invocations    | 4 |  4.1
Stealth        | |  1.3

Action                     |  1- 3 |  4- 6 |  7- 9 | 10-12 | 13-15 || total
---------------------------+-------+-------+-------+-------+-------++-------
   Fire: Shortbow          |    82 |   118 |   331 |    81 |   284 ||   896
         Arbalest          |       |       |       |   266 |    22 ||   288
 Invoke: Ancestor Life: Kn |       |       |     1 |       |       ||     1
         Recall Ancestor   |       |       |       |     1 |       ||     1
    Use: Scroll            |     6 |     3 |     7 |     3 |     3 ||    22
         Potion            |     1 |       |     6 |     2 |       ||     9
 Armour: Leather armour    |     5 |     5 |    70 |    13 |    14 ||   107
         Skin              |       |       |    77 |       |       ||    77
         Crystal plate arm |       |       |       |     4 |       ||     4
  Dodge: Dodged            |    27 |    39 |   157 |    85 |    63 ||   371
   Form: Beast             |       |       |     1 |       |       ||     1

Table legend: (Time is in decaauts)
 A = Elapsed time spent in this place.
 B = Non-inter-level travel time spent in this place.
 C = Inter-level travel time spent in this place.
 D = Time resting spent in this place.
 E = Time spent auto-exploring this place.
 F = Levels seen in this place.
 G = Mean time per level.
                   A        B        C        D        E       F      G
               +--------+--------+--------+--------+--------+-----+--------+
         Total |  15527 |  14957 |    570 |   1705 |  11142 |  18 |  862.6 |
       Dungeon |  11112 |  10666 |    446 |   1379 |   7825 |  11 | 1010.2 |
        Temple |     42 |      1 |     41 |      0 |      0 |   1 |   42.0 |
          Lair |   3418 |   3335 |     83 |    115 |   2859 |   4 |  854.5 |
       Ossuary |    527 |    527 |      0 |    211 |    175 |   1 |  527.0 |
        Bailey |    426 |    426 |      0 |      0 |    282 |   1 |  426.0 |
               +--------+--------+--------+--------+--------+-----+--------+

Top non-repeatable levels by time:
     D:3: 1518 daAuts
     D:4: 1491 daAuts
     D:6: 1137 daAuts
     D:7: 1134 daAuts
  Lair:2: 1133 daAuts
  Lair:3: 1082 daAuts
    D:11: 1038 daAuts
     D:8: 937 daAuts
  Lair:1: 889 daAuts
     D:1: 877 daAuts
     D:2: 837 daAuts
     D:5: 783 daAuts
    D:10: 681 daAuts
     D:9: 675 daAuts
 Ossuary: 527 daAuts
